[Event "Titled Tuesday Blitz February 07 Late 2023"]
[White "Chigaev, Maksim"]
[Black "Gadimbayli, Abdulla"]
[WhiteFideId "4108116"]
[BlackFideId "13404938"]
[WhiteElo "2628"]
[BlackElo "2500"]
[Result "1-0"]
[Round "06"]
[TimeControl "180+2"]
[Date "2023.02.07"]
[WhiteClock "0:00:05"]
[BlackClock "0:00:06"]

1. e4 e6 2. Nf3 d5 3. exd5 exd5 4. d4 Bd6 5. c4 dxc4 6. Bxc4 Nf6 7. O-O O-O 8. h3 h6 9. Nc3 Nbd7 10. Re1 Nb6 11. Bb3 c6 12. Ne5 Bc7 13. Bf4 Nbd5 14. Bg3 Be6 15. Qf3 a5 16. Rad1 Re8 17. Bh4 Nxc3 18. bxc3 Bxb3 19. axb3 Qd5 20. Qf5 Qe6 21. Qc2 Nd5 22. Bg3 Bxe5 23. Bxe5 Qd7 24. c4 Nb4 25. Qb1 f6 26. Bf4 Rxe1+ 27. Rxe1 Qxd4 28. Qf5 Qd3 29. Qh5 Kh7 30. Re7 Qg6 31. Qxg6+ Kxg6 32. Rxb7 Nd3 33. Bd6 Rd8 34. Ba3 Re8 35. Rd7 Re1+ 36. Kh2 Nxf2 37. Bf8 Rh1+ 38. Kg3 Ne4+ 39. Kf4 Nc3 40. Rxg7+ Kh5 41. Rh7 Rf1+ 42. Kg3 Kg6 43. Rg7+ Kf5 44. Ra7 Ne4+ 45. Kh2 Ra1 46. Bxh6 Nc3 47. Bd2 Ne4 48. Rxa5+ Rxa5 49. Bxa5 Nc5 50. b4 Nb7 51. Bb6 Nd6 52. c5 Ne4 53. g4+ Kf4 54. Bc7+ Kf3 55. Bd6 Nf2 56. b5 cxb5 57. c6 Ne4 58. Be7 1-0


[Site "https://www.chess.com"]

[Event "Titled Tuesday Blitz February 07 Late 2023"]
[White "Kosakowski, Jakub"]
[Black "Suleymanli, Aydin"]
[WhiteFideId "1185080"]
[BlackFideId "13413937"]
[WhiteElo "2485"]
[BlackElo "2560"]
[Result "0-1"]
[Round "06"]
[TimeControl "180+2"]
[Date "2023.02.07"]
[WhiteClock "0:00:04"]
[BlackClock "0:00:06"]

1. e4 c5 2. Nf3 e6 3. d4 cxd4 4. Nxd4 Nf6 5. Nc3 Nc6 6. a3 d6 7. Be3 a6 8. f4 Qc7 9. Qf3 b5 10. Nxc6 Qxc6 11. Be2 Bb7 12. e5 dxe5 13. fxe5 Nd7 14. Bd4 Qc7 15. Qe3 Bc5 16. Bxc5 Qxc5 17. Qxc5 Nxc5 18. O-O-O Ke7 19. Bf3 Rac8 20. Rd6 Bxf3 21. gxf3 Rhd8 22. Rhd1 Rxd6 23. Rxd6 f6 24. f4 g5 25. b4 Nd7 26. Ne4 gxf4 27. Rxa6 fxe5 28. Ng5 Kf6 29. Nxe6 Kf5 30. Ng7+ Ke4 31. Rd6 Nb8 32. Ne6 Kf5 33. Nc5 Re8 34. Kd2 e4 35. Ke2 e3 36. h3 f3+ 37. Kxf3 e2 38. Nd3 e1=Q 39. Nxe1 Rxe1 40. Rd5+ Re5 41. Rd6 Re6 42. Rd5+ Re5 43. Rd6 h5 44. h4 Re6 45. Rd5+ Kg6 46. Rxb5 Nc6 47. Rg5+ Kh6 48. c4 Ne5+ 49. Kf4 Nxc4 50. a4 Nb2 51. Kf5 Rb6 52. b5 Nxa4 53. Ke4 Rxb5 54. Rg3 Rb4+ 55. Ke5 Rxh4 56. Kf6 Rf4+ 57. Ke5 Rg4 58. Rf3 Nc5 59. Rf6+ Kg5 60. Rf5+ Kh4 61. Kf6 Nd3 62. Rd5 Nf4 63. Ra5 Kg3 64. Kf5 Ng2 65. Ra3+ Kf2 66. Ra2+ Kf3 67. Ra3+ Ne3+ 68. Ke5 h4 0-1


[Site "https://www.chess.com"]

[Event "Titled Tuesday Blitz February 07 Late 2023"]
[White "Perez Ponsa, Federico"]
[Black "Bolourchifard, Farzad"]
[WhiteFideId "117927"]
[BlackFideId "12510084"]
[WhiteElo "2532"]
[BlackElo "2292"]
[Result "0-1"]
[Round "06"]
[TimeControl "180+2"]
[Date "2023.02.07"]
[WhiteClock "0:00:06"]
[BlackClock "0:00:17"]

1. e4 e5 2. Nf3 Nc6 3. Bb5 a6 4. Ba4 d6 5. O-O Bd7 6. c3 Nf6 7. Re1 g6 8. d4 Bg7 9. Nbd2 O-O 10. Bc2 h6 11. Nf1 Nh5 12. Be3 Bg4 13. h3 Bxf3 14. gxf3 Qh4 15. Kg2 exd4 16. cxd4 Nxd4 17. Bb3 Ne6 18. Bxe6 fxe6 19. Ng3 Nf4+ 20. Bxf4 Qxf4 21. Qb3 Kh7 22. Re3 Bd4 23. Rd3 e5 24. Qxb7 Bb6 25. Qc6 Rad8 26. Rad1 Rf7 27. Qc1 Qh4 28. b4 Rdf8 29. a4 Bd4 30. Qc4 c5 31. bxc5 dxc5 32. Qxa6 Qg5 33. Qe6 h5 34. h4 Qxh4 35. Rh1 Qg5 36. Rb3 Rf6 37. Rb7+ Kh6 38. Qe7 R8f7 39. Qxf7 Rxf7 40. Rxf7 Qd2 41. Rf1 h4 42. Nh1 Qa2 43. Rc7 c4 44. Rb1 Qxb1 45. Rxc4 Qa2 46. a5 Qxc4 0-1


[Site "https://www.chess.com"]

[Event "Titled Tuesday Blitz February 07 Late 2023"]
[White "Bacrot, Etienne"]
[Black "Koziorowicz, Michal"]
[WhiteFideId "605506"]
[BlackFideId "21809194"]
[WhiteElo "2667"]
[BlackElo "2307"]
[Result "1/2-1/2"]
[Round "06"]
[TimeControl "180+2"]
[Date "2023.02.07"]
[WhiteClock "0:00:13"]
[BlackClock "0:00:11"]

1. e4 c5 2. Nf3 d6 3. Bb5+ Bd7 4. c4 e5 5. Nc3 Ne7 6. d3 g6 7. h4 h5 8. Bg5 Bxb5 9. cxb5 Qc8 10. Bf6 Rg8 11. Ng5 Nd7 12. Qf3 Nf5 13. exf5 Nxf6 14. Nd5 Be7 15. fxg6 Rxg6 16. b6 Bd8 17. bxa7 Qg4 18. Nxf6+ Rxf6 19. Qxb7 Rxa7 20. Qxa7 Qb4+ 21. Kf1 Qxb2 22. Qa4+ Ke7 23. Qa7+ Ke8 24. Kg1 Qxf2+ 25. Kh2 Qf4+ 26. Kh3 Qg4+ 27. Kh2 Qf4+ 28. Kh3 Qg4+ 29. Kh2 Qf4+ 1/2-1/2


[Site "https://www.chess.com"]

[Event "Titled Tuesday Blitz February 07 Late 2023"]
[White "Javakhadze, Zurab"]
[Black "Swiercz, Dariusz"]
[WhiteFideId "13603647"]
[BlackFideId "1126881"]
[WhiteElo "2459"]
[BlackElo "2637"]
[Result "1/2-1/2"]
[Round "06"]
[TimeControl "180+2"]
[Date "2023.02.07"]
[WhiteClock "0:00:07"]
[BlackClock "0:00:06"]

1. Nf3 Nf6 2. g3 g6 3. Bg2 Bg7 4. O-O O-O 5. c4 c6 6. d4 d6 7. Nc3 Bf5 8. Nh4 Be6 9. b3 d5 10. cxd5 cxd5 11. Na4 Nc6 12. Nc5 Bg4 13. Bb2 b6 14. Nd3 Rc8 15. h3 Bd7 16. Nf3 Ne4 17. Nfe5 Nxe5 18. Nxe5 Bb5 19. a4 Ba6 20. Rc1 Rxc1 21. Qxc1 Bxe2 22. Re1 Ba6 23. Ba3 Bb7 24. Qf4 f6 25. Nd3 Qd7 26. f3 Nd6 27. Rxe7 Qxe7 28. Bxd6 Qd8 29. Bxf8 Bxf8 30. Qe3 Qe7 31. Kf2 Kf7 32. f4 Qxe3+ 33. Kxe3 a5 34. g4 Bd6 35. f5 g5 36. Ne1 Ke7 37. Nc2 Bf4+ 38. Kd3 Kd6 39. Kc3 Bg3 40. Bf1 Bc8 41. Bb5 h5 42. Kd3 h4 43. b4 Bf4 44. bxa5 bxa5 45. Na1 Bg3 46. Nb3 Be1 47. Nc5 Bb4 48. Ba6 Bd7 49. Nxd7 Kxd7 50. Bb5+ Kd6 51. Ke3 Ba3 52. Kd3 Bb4 53. Ke3 Ke7 54. Kd3 Kd6 1/2-1/2


[Site "https://www.chess.com"]

[Event "Titled Tuesday Blitz February 07 Late 2023"]
[White "Zhigalko, Sergei"]
[Black "Sokolovsky, Yahli"]
[WhiteFideId "13502956"]
[BlackFideId "2820242"]
[WhiteElo "2572"]
[BlackElo "2461"]
[Result "1-0"]
[Round "06"]
[TimeControl "180+2"]
[Date "2023.02.07"]
[WhiteClock "0:00:04"]
[BlackClock "0:00:03"]

1. e4 g6 2. d4 Bg7 3. Nc3 d6 4. Nf3 a6 5. Be3 b5 6. a4 b4 7. Ne2 a5 8. Ng3 Bb7 9. c3 Na6 10. Bd3 Nf6 11. O-O O-O 12. Re1 c5 13. Rb1 cxd4 14. cxd4 Ng4 15. Bg5 h6 16. Bd2 e5 17. h3 Nf6 18. dxe5 dxe5 19. Nxe5 Re8 20. f4 Nc5 21. Bc4 Rxe5 22. fxe5 Nfxe4 23. Nxe4 Nxe4 24. Be3 Qc7 25. Rc1 Qxe5 26. Qd7 Nd6 27. Bxf7+ Kh7 28. Ba2 Qxb2 29. Qg4 Qxa2 30. Rc7 h5 31. Qg5 1-0


[Site "https://www.chess.com"]

[Event "Titled Tuesday Blitz February 07 Late 2023"]
[White "Maksimovic, Bojan"]
[Black "Pichot, Alan"]
[WhiteFideId "14408120"]
[BlackFideId "110973"]
[WhiteElo "2486"]
[BlackElo "2638"]
[Result "1-0"]
[Round "06"]
[TimeControl "180+2"]
[Date "2023.02.07"]
[WhiteClock "0:00:09"]
[BlackClock "0:00:47"]

1. e4 e5 2. Nf3 Nc6 3. Bb5 a6 4. Ba4 Nf6 5. O-O Be7 6. Re1 b5 7. Bb3 O-O 8. h3 d6 9. c3 Bb7 10. d4 Re8 11. Ng5 Rf8 12. Nf3 Re8 13. Nbd2 h6 14. Nf1 Bf8 15. Ng3 Nb8 16. dxe5 Nfd7 17. exd6 cxd6 18. Bd5 Nc6 19. Nd4 Rc8 20. Nxc6 Bxc6 21. Bxc6 Rxc6 22. Be3 Nf6 23. Bd4 Re6 24. Qf3 Qd7 25. Rad1 Rc4 26. a3 Qe8 27. Re2 Nd7 28. Rde1 Ne5 29. Bxe5 dxe5 30. Nf5 Rc7 31. Rd1 Rd7 32. Red2 Rxd2 33. Rxd2 g6 34. Ne3 Bc5 35. Nd5 Qc6 36. Qe2 Kg7 37. Rd3 Ba7 38. h4 Qc4 39. h5 Rd6 40. hxg6 fxg6 41. Rd2 h5 42. g3 Qc8 43. Kg2 Qd8 44. Rd3 Qg5 45. Qd2 Qg4 46. f3 Qd7 47. Qg5 Bb8 48. Qxe5+ Kh6 49. Qf4+ Kg7 50. Qe5+ Kh6 51. Qh8+ Qh7 52. Qxb8 1-0


[Site "https://www.chess.com"]

[Event "Titled Tuesday Blitz February 07 Late 2023"]
[White "Godzwon, Iwo"]
[Black "Demidov, Mikhail"]
[WhiteFideId "21802483"]
[BlackFideId "4197143"]
[WhiteElo "2394"]
[BlackElo "2583"]
[Result "1-0"]
[Round "06"]
[TimeControl "180+2"]
[Date "2023.02.07"]
[WhiteClock "0:00:38"]
[BlackClock "0:00:01"]

1. e4 g6 2. d4 Bg7 3. Nc3 d6 4. f4 Nf6 5. Nf3 c5 6. dxc5 Qa5 7. Bd3 Qxc5 8. Qe2 Bg4 9. Be3 Qa5 10. Bd2 Nc6 11. Nd5 Qd8 12. Nxf6+ Bxf6 13. c3 O-O 14. h3 Bxf3 15. Qxf3 Qb6 16. Rb1 Qa5 17. a3 Rad8 18. O-O Bg7 19. Kh1 a6 20. Bc4 Qc7 21. Ba2 b5 22. Be3 Na5 23. Rbd1 Nc4 24. Bc1 Qc6 25. Bb1 Rc8 26. f5 a5 27. Bg5 Qc7 28. Rf2 Ne5 29. Qg3 Qb7 30. f6 exf6 31. Bxf6 Rc6 32. Ba2 Bxf6 33. Rxf6 Qe7 34. Rf2 Kg7 35. Rfd2 Rb8 36. Bd5 Rcb6 37. Qe3 h6 38. Qd4 Qc7 39. Rf2 Rf8 40. Rdf1 f6 41. Rd2 h5 42. Rfd1 Rfb8 43. Qe3 Qc5 44. Qf4 b4 45. cxb4 axb4 46. a4 b3 47. Rf2 Rf8 48. Rc1 Nd3 49. Rxc5 Nxf4 50. Rc7+ Kh6 51. Rxf4 Rb4 52. a5 Ra4 53. Ra7 Rc8 54. a6 Rc1+ 55. Kh2 Raa1 56. h4 Rab1 57. Rb7 Rxb2 58. a7 Ra1 59. Rxf6 Rba2 60. Bxb3 Rxa7 61. Rb6 Re7 62. Rbxd6 Rg7 63. Bf7 Re1 64. Bxg6 Rd7 65. Bf5+ 1-0


[Site "https://www.chess.com"]

[Event "Titled Tuesday Blitz February 07 Late 2023"]
[White "Janaszak, Dawid"]
[Black "Ramirez, Alejandro"]
[WhiteFideId "1119206"]
[BlackFideId "6500617"]
[WhiteElo "2316"]
[BlackElo "2572"]
[Result "1/2-1/2"]
[Round "06"]
[TimeControl "180+2"]
[Date "2023.02.07"]
[WhiteClock "0:00:38"]
[BlackClock "0:00:58"]

1. e4 c5 2. Nc3 a6 3. d4 cxd4 4. Qxd4 Nc6 5. Qd2 e6 6. b3 Bb4 7. Bb2 d5 8. exd5 exd5 9. O-O-O d4 10. Qe2+ Nge7 11. Ne4 Qa5 12. Kb1 O-O 13. Nf3 Nd5 14. Nxd4 Nxd4 15. Rxd4 Bf5 16. Qf3 Bxe4 17. Rxe4 Nc3+ 18. Bxc3 Bxc3 19. Ra4 Qe5 20. Re4 Qa5 21. Ra4 Rae8 22. Bd3 Qe5 23. Re4 Qa5 24. Ra4 Qe5 25. Re4 Qa5 26. Ra4 1/2-1/2


[Site "https://www.chess.com"]

[Event "Titled Tuesday Blitz February 07 Late 2023"]
[White "Ozates, Tuna"]
[Black "Yanchenko, Roman"]
[WhiteFideId "6354521"]
[BlackFideId "4137329"]
[WhiteElo "2251"]
[BlackElo "2466"]
[Result "1-0"]
[Round "06"]
[TimeControl "180+2"]
[Date "2023.02.07"]
[WhiteClock "0:00:08"]
[BlackClock "0:00:04"]

1. e4 e6 2. d4 d5 3. exd5 exd5 4. Bd3 c5 5. dxc5 Bxc5 6. Nf3 Nf6 7. O-O O-O 8. h3 h6 9. Nc3 Qd6 10. Na4 Bb4 11. Bd2 Nc6 12. a3 Bxd2 13. Qxd2 Bd7 14. Rfe1 Rad8 15. b4 Rfe8 16. Nc5 Bc8 17. Rxe8+ Rxe8 18. Re1 Rxe1+ 19. Qxe1 Kf8 20. Qe2 Nd7 21. Nxd7+ Bxd7 22. Qe3 d4 23. Qe4 a6 24. Qh7 Qf6 25. Qh8+ Ke7 26. Qa8 Nd8 27. Qa7 Bxh3 28. Qc5+ Ke8 29. Nxd4 Bd7 30. Be4 Qe7 31. Qd5 g6 32. c4 Nc6 33. Nf3 Be6 34. Qd3 Qd7 35. Qe2 Kf8 36. b5 axb5 37. cxb5 Ne7 38. a4 b6 39. Qe3 Qd1+ 40. Kh2 Qd6+ 41. Kg1 Kg7 42. Qd4+ Qxd4 43. Nxd4 Bc4 44. Nc6 Nc8 45. f3 Bb3 46. a5 bxa5 47. Nxa5 Ba4 48. Bd3 Nb6 49. Nc6 f5 50. Kf2 Kf6 51. Ke3 Bb3 52. Kd4 g5 53. Kc5 Nd7+ 54. Kd6 Nb6 55. Kc7 Nd5+ 56. Kb7 h5 57. b6 Nxb6 58. Kxb6 f4 59. Kc5 g4 60. Kd4 Bd1 61. Be4 Kg5 62. Ne5 Be2 63. Kc3 Bf1 64. fxg4 hxg4 65. Kd2 f3 66. g3 Bb5 67. Ke3 Ba6 68. Bc6 Bc8 69. Bd7 Bxd7 70. Nxd7 Kf5 71. Nc5 Ke5 72. Ne4 Kf5 73. Nf2 1-0


[Site "https://www.chess.com"]

[Event "Titled Tuesday Blitz February 07 Late 2023"]
[White "Carlsen, Magnus"]
[Black "Saya, Ethan"]
[WhiteFideId "1503014"]
[BlackFideId "26095181"]
[WhiteElo "2853"]
[BlackElo "2181"]
[Result "1-0"]
[Round "06"]
[TimeControl "180+2"]
[Date "2023.02.07"]
[WhiteClock "0:01:50"]
[BlackClock "0:01:15"]

1. Nf3 d5 2. c4 e6 3. g3 Nf6 4. Bg2 Be7 5. O-O O-O 6. Qc2 b6 7. cxd5 exd5 8. d4 Bb7 9. Nc3 Nbd7 10. Bf4 Rc8 11. Nb5 c5 12. Nxa7 Ra8 13. Nb5 Rc8 14. Rac1 Re8 15. Rfd1 Bf8 16. Bh3 Ba6 17. Qa4 Bxb5 18. Qxb5 c4 19. Ne5 Re7 20. Nc6 Rxc6 21. Qxc6 Rxe2 22. b3 Rxa2 23. bxc4 dxc4 24. Qxc4 Ne4 25. Qxa2 1-0


[Site "https://www.chess.com"]

[Event "Titled Tuesday Blitz February 07 Late 2023"]
[White "Alex_Sahakyan2006"]
[Black "Martinez Alcantara, Jose Eduardo"]
[BlackFideId "3805662"]
[WhiteElo "2733"]
[BlackElo "2619"]
[Result "0-1"]
[Round "06"]
[TimeControl "180+2"]
[Date "2023.02.07"]
[WhiteClock "0:00:01"]
[BlackClock "0:00:30"]

1. e4 e5 2. Nf3 Nc6 3. Bc4 Bc5 4. d3 Nf6 5. O-O d6 6. c3 a5 7. h3 O-O 8. Nbd2 h6 9. Re1 Ba7 10. Nf1 Ne7 11. N3h2 Ng6 12. Qf3 c6 13. Bb3 a4 14. Bxa4 Bxf2+ 15. Qxf2 Rxa4 16. Ng3 d5 17. b3 Ra8 18. Rf1 Be6 19. Be3 dxe4 20. dxe4 Qd3 21. Rae1 Qxc3 22. Rc1 Qa5 23. Bxh6 Qxa2 24. Rc2 Qa7 25. Be3 Qa6 26. Bg5 Nh7 27. Be3 Qd3 28. Rd2 Qxb3 29. Nf5 Nf6 30. Nxg7 Nxe4 31. Qe2 Nxd2 32. Nh5 Nxf1 33. Nxf1 f5 34. Qf2 f4 35. Bc5 Rf7 36. Nd2 Qd1+ 37. Kh2 Qxh5 38. Ne4 Ra2 0-1


[Site "https://www.chess.com"]

[Event "Titled Tuesday Blitz February 07 Late 2023"]
[White "Sjugirov, Sanan"]
[Black "Bjelobrk, Igor"]
[WhiteFideId "4189302"]
[BlackFideId "4300726"]
[WhiteElo "2712"]
[BlackElo "2403"]
[Result "1-0"]
[Round "06"]
[TimeControl "180+2"]
[Date "2023.02.07"]
[WhiteClock "0:01:26"]
[BlackClock "0:00:49"]

1. d4 Nf6 2. c4 e6 3. Nf3 d5 4. Nc3 a6 5. cxd5 exd5 6. Bg5 Be6 7. Bxf6 Qxf6 8. Qb3 Ra7 9. a3 Qd8 10. Qc2 Nd7 11. e4 dxe4 12. Nxe4 Be7 13. O-O-O c6 14. h4 h6 15. Bd3 b5 16. Kb1 Rc7 17. Rde1 O-O 18. Neg5 hxg5 19. Bh7+ Kh8 20. hxg5 g6 21. Bxg6+ Kg8 22. Bf5 1-0


[Site "https://www.chess.com"]

[Event "Titled Tuesday Blitz February 07 Late 2023"]
[White "Kamsky, Gata"]
[Black "Gascon Del Nogal, Jose Rafael"]
[WhiteFideId "2000024"]
[BlackFideId "3902463"]
[WhiteElo "2665"]
[BlackElo "2459"]
[Result "1-0"]
[Round "06"]
[TimeControl "180+2"]
[Date "2023.02.07"]
[WhiteClock "0:01:14"]
[BlackClock "0:00:28"]

1. d4 Nf6 2. Bf4 g6 3. c3 Bg7 4. Nf3 O-O 5. h3 d6 6. e3 Nc6 7. Be2 Nd7 8. g4 e5 9. Bg3 d5 10. Nbd2 Qe7 11. Qb3 Nb6 12. a4 a5 13. Qa3 Qxa3 14. Rxa3 Re8 15. Bb5 f6 16. g5 e4 17. gxf6 Bxf6 18. Ng1 Re7 19. Ne2 Be6 20. Nf4 Bf7 21. h4 Nd8 22. Nb3 Be8 23. Nc5 Bxb5 24. axb5 c6 25. bxc6 bxc6 26. Ke2 Nc4 27. Ra2 Nb7 28. Na4 Nbd6 29. b3 1-0


[Site "https://www.chess.com"]

[Event "Titled Tuesday Blitz February 07 Late 2023"]
[White "Adewumi, Tanitoluwa"]
[Black "Dardha, Daniel"]
[WhiteFideId "30966396"]
[BlackFideId "240990"]
[WhiteElo "2283"]
[BlackElo "2631"]
[Result "0-1"]
[Round "06"]
[TimeControl "180+2"]
[Date "2023.02.07"]
[WhiteClock "0:00:01"]
[BlackClock "0:02:13"]

1. e4 e5 2. Nf3 Nc6 3. Nc3 Nf6 4. Bb5 Bd6 5. Bxc6 dxc6 6. d3 h6 7. Rg1 Be6 8. h3 Qe7 9. Be3 c5 10. Nb5 Nd7 11. Nxd6+ cxd6 12. c4 f5 13. exf5 Bxf5 14. Qe2 b5 15. Nd2 O-O 16. g4 Bg6 17. Rc1 bxc4 18. dxc4 e4 19. Rc3 Ne5 20. g5 h5 21. Kd1 Nd3 22. Kc2 a5 23. h4 a4 24. Qf1 Nxf2 25. Qg2 Nd3 26. Qg3 Rab8 27. Rb1 Nb4+ 28. Kd1 Nxa2 29. Ra3 Nb4 30. Rxa4 Rf3 31. Nxf3 exf3 0-1


[Site "https://www.chess.com"]

[Event "Titled Tuesday Blitz February 07 Late 2023"]
[White "Baskakov, Egor"]
[Black "Mgeladze, Tamaz"]
[WhiteFideId "24197866"]
[BlackFideId "13601202"]
[WhiteElo "2215"]
[BlackElo "2388"]
[Result "1-0"]
[Round "06"]
[TimeControl "180+2"]
[Date "2023.02.07"]
[WhiteClock "0:00:18"]
[BlackClock "0:00:10"]

1. e4 c5 2. Nf3 g6 3. d4 cxd4 4. Nxd4 Bg7 5. Nc3 Nc6 6. Nde2 Nf6 7. g3 h5 8. h3 d6 9. Bg2 O-O 10. O-O Bd7 11. a4 Rc8 12. Nd5 a5 13. Be3 Nxd5 14. exd5 Nb4 15. c3 Na6 16. Re1 Nc5 17. Nd4 Re8 18. b3 Qb6 19. Rb1 Qc7 20. c4 e5 21. dxe6 Nxe6 22. Nxe6 Bxe6 23. Bd4 Rcd8 24. Bxg7 Kxg7 25. Qd4+ Kg8 26. Rbd1 b6 27. Kh2 Qc5 28. Qf4 Kg7 29. Bd5 Bxd5 30. Rxe8 Rxe8 31. Rxd5 Qb4 32. Rd3 Re6 33. Qd4+ Kg8 34. Kg2 Qc5 35. Qd5 Rf6 36. Qa8+ Kg7 37. Re3 Qf5 38. Rf3 Qxf3+ 39. Qxf3 Rxf3 40. Kxf3 Kf6 41. Ke4 Ke6 42. g4 hxg4 43. hxg4 f6 44. Kd4 g5 45. Ke4 Ke7 46. Kd5 Kd7 47. f3 Ke7 48. Kc6 Ke6 49. Kxb6 Ke5 50. Kxa5 Kf4 51. Kb4 Kxf3 52. a5 f5 53. a6 fxg4 54. a7 g3 55. a8=Q+ Kf2 56. Qd5 g2 57. Qxg5 g1=Q 58. Qxg1+ Kxg1 59. c5 d5 60. Kc3 d4+ 61. Kxd4 1-0


[Site "https://www.chess.com"]

[Event "Titled Tuesday Blitz February 07 Late 2023"]
[White "Gutenev, Alexander"]
[Black "Melkumyan, Hrant"]
[WhiteFideId "4195540"]
[BlackFideId "13302485"]
[WhiteElo "2455"]
[BlackElo "2645"]
[Result "0-1"]
[Round "06"]
[TimeControl "180+2"]
[Date "2023.02.07"]
[WhiteClock "0:00:49"]
[BlackClock "0:00:49"]

1. e4 c5 2. Nc3 Nc6 3. Bb5 Nd4 4. Nf3 a6 5. Bd3 Nc6 6. O-O g6 7. Re1 Bg7 8. b3 d6 9. Bb2 e5 10. a4 Nge7 11. Ne2 O-O 12. c3 h6 13. Bc2 f5 14. d4 fxe4 15. Bxe4 d5 16. Bc2 e4 17. Nd2 cxd4 18. Nxd4 Nxd4 19. cxd4 Nf5 20. Nf1 Nh4 21. Ne3 Be6 22. Qd2 Qg5 23. Kh1 Rf7 24. Ba3 Rc8 25. Rf1 Nxg2 26. Rg1 Bh3 27. Rad1 Nxe3 28. Rxg5 Nxd1 29. Bxd1 hxg5 30. Bd6 Rf5 31. Bg3 Kh7 32. Kg1 g4 33. Be2 Bh6 34. Qd1 Rc1 0-1


[Site "https://www.chess.com"]

[Event "Titled Tuesday Blitz February 07 Late 2023"]
[White "Yuan, Qingyu"]
[Black "Darini, Pouria"]
[WhiteFideId "8609772"]
[BlackFideId "12502200"]
[WhiteElo "2373"]
[BlackElo "2401"]
[Result "0-1"]
[Round "06"]
[TimeControl "180+2"]
[Date "2023.02.07"]
[WhiteClock "0:00:01"]
[BlackClock "0:00:08"]

1. e4 c5 2. Nf3 Nc6 3. Bb5 e6 4. O-O Nge7 5. Re1 b6 6. c3 a6 7. Bf1 d5 8. exd5 Nxd5 9. d4 cxd4 10. Nxd4 Bb7 11. Nf3 Be7 12. c4 Nf6 13. Be3 Qc7 14. h3 O-O 15. Nc3 Rfd8 16. Qb3 Bc5 17. Na4 Na5 18. Qc3 Ne4 19. Qc1 Bxe3 20. Qxe3 Nc5 21. Nc3 Bxf3 22. Qxf3 Nc6 23. Rad1 Rac8 24. b3 Nd4 25. Qg4 Nf5 26. g3 Rxd1 27. Rxd1 Rd8 28. Bg2 Rxd1+ 29. Qxd1 h6 30. Qf3 Qe5 31. Kh2 a5 32. Bf1 g6 33. Bg2 Kg7 34. Kg1 h5 35. h4 Nd4 36. Qd1 Ndxb3 37. axb3 Qxc3 38. Qd6 Nxb3 39. Qxb6 a4 40. Bf1 a3 41. Qa7 Nd2 42. c5 Qa1 43. Kh2 Nxf1+ 44. Kg2 Nd2 45. c6 Qf1+ 46. Kh2 Nf3# 0-1


[Site "https://www.chess.com"]

[Event "Titled Tuesday Blitz February 07 Late 2023"]
[White "Fiorito, Joaquin"]
[Black "Gorodetzky, David"]
[WhiteFideId "180173"]
[BlackFideId "2813416"]
[WhiteElo "2405"]
[BlackElo "2485"]
[Result "1-0"]
[Round "06"]
[TimeControl "180+2"]
[Date "2023.02.07"]
[WhiteClock "0:00:05"]
[BlackClock "0:00:03"]

1. d4 Nf6 2. Nc3 d5 3. Bf4 a6 4. e3 Bf5 5. Bd3 e6 6. f3 Bb4 7. Ne2 c5 8. a3 Bxc3+ 9. Nxc3 Bxd3 10. Qxd3 cxd4 11. exd4 Nc6 12. g4 Qb6 13. O-O-O Rc8 14. h4 Na5 15. Na4 Qc6 16. Nc5 Nc4 17. h5 a5 18. g5 Nd7 19. Nxd7 Kxd7 20. Rhe1 Qb6 21. Qc3 Rc6 22. g6 fxg6 23. hxg6 h6 24. Kb1 Rf8 25. Bc1 Rf6 26. Qd3 a4 27. f4 Qc7 28. Re2 Rb6 29. Rde1 Qd6 30. Ka1 Qf8 31. Qh3 Rf5 32. Qd3 Qf6 33. b3 axb3 34. cxb3 Nd6 35. Re5 Qxg6 36. Qc3 Qg2 37. Bb2 Rxe5 38. fxe5 Ne4 39. Qa5 Rc6 40. Qb5 Kc7 41. Rb1 Nd2 42. Rd1 Ne4 43. Rb1 Qc2 44. a4 Nd2 45. Re1 Nxb3+ 46. Ka2 Nd2 47. Rc1 Qf5 48. Rxc6+ bxc6 49. Qa5+ Kb7 50. Qxd2 Qf1 51. Qb4+ Ka6 52. Qc5 Qc4+ 53. Qxc4+ dxc4 54. Ka3 g5 55. Bc1 g4 56. Bxh6 g3 57. Be3 g2 58. Kb4 c3 59. Kxc3 Ka5 60. Kc4 g1=Q 61. Bxg1 1-0


[Site "https://www.chess.com"]

[Event "Titled Tuesday Blitz February 07 Late 2023"]
[White "Perske, Thore"]
[Black "Holt, Conrad"]
[WhiteFideId "12902195"]
[BlackFideId "2034387"]
[WhiteElo "2448"]
[BlackElo "2540"]
[Result "1-0"]
[Round "06"]
[TimeControl "180+2"]
[Date "2023.02.07"]
[WhiteClock "0:00:48"]
[BlackClock "0:00:47"]

1. e4 e6 2. d4 d5 3. Nd2 c5 4. Ngf3 cxd4 5. Nxd4 Nf6 6. exd5 Nxd5 7. Bd3 Be7 8. O-O O-O 9. c3 Nf4 10. Bc2 e5 11. Nf5 Nc6 12. Nxe7+ Qxe7 13. Ne4 Rd8 14. Qf3 f5 15. Ng3 Qg5 16. Bxf4 exf4 17. Ne2 Rd2 18. Bb3+ Kh8 19. Qxf4 Qxf4 20. Nxf4 Rxb2 21. Rfe1 Bd7 22. Rad1 Re8 23. Kf1 Ne5 24. Rxd7 1-0


[Site "https://www.chess.com"]

[Event "Titled Tuesday Blitz February 07 Late 2023"]
[White "EREBUNI91"]
[Black "Vasquez Schroeder, Rodrigo"]
[BlackFideId "3400042"]
[WhiteElo "2759"]
[BlackElo "2524"]
[Result "1-0"]
[Round "06"]
[TimeControl "180+2"]
[Date "2023.02.07"]
[WhiteClock "0:00:07"]
[BlackClock "0:00:12"]

1. e4 c5 2. Nc3 a6 3. g3 b5 4. Bg2 Bb7 5. Nge2 g6 6. d4 cxd4 7. Nxd4 Bg7 8. O-O Nc6 9. Nb3 d6 10. a4 b4 11. Nd5 Nf6 12. a5 O-O 13. Be3 Nd7 14. Qc1 e6 15. Nb6 Nxb6 16. Bxb6 Qe7 17. Rd1 Rac8 18. Qd2 Ne5 19. Qxb4 Rxc2 20. Rac1 Rxc1 21. Nxc1 Rc8 22. Nd3 Nxd3 23. Rxd3 Rc1+ 24. Bf1 Bc6 25. Qd2 Ra1 26. Ra3 Rb1 27. Qc2 Rxf1+ 28. Kxf1 Qb7 29. f3 f5 30. Re3 fxe4 31. fxe4 Bh6 32. Re1 d5 33. exd5 Bb5+ 34. Kg1 Qxd5 35. Qe4 Qxe4 36. Rxe4 Kf7 37. Rb4 Bd3 38. Kf2 e5 39. Be3 Bf8 40. Rb7+ Ke6 41. Rxh7 Bb4 42. Bb6 e4 43. Rc7 Bd2 44. Rc8 Kd5 45. Be3 Bxa5 46. Rc5+ 1-0


[Site "https://www.chess.com"]

[Event "Titled Tuesday Blitz February 07 Late 2023"]
[White "Korchmar, Vasiliy"]
[Black "Halkias, Stelios"]
[WhiteFideId "24131750"]
[BlackFideId "4201809"]
[WhiteElo "2438"]
[BlackElo "2511"]
[Result "1-0"]
[Round "06"]
[TimeControl "180+2"]
[Date "2023.02.07"]
[WhiteClock "0:00:08"]
[BlackClock "0:00:08"]

1. e4 c5 2. Nf3 d6 3. d4 cxd4 4. Nxd4 Nf6 5. Nc3 a6 6. Be2 e5 7. Nb3 Be6 8. O-O Nbd7 9. Be3 Be7 10. Qd3 Rc8 11. Nd5 Bxd5 12. exd5 Nb6 13. Bxb6 Qxb6 14. a4 O-O 15. a5 Qc7 16. c4 g6 17. Nd2 Nd7 18. b4 f5 19. f3 Bg5 20. Nb3 Rfe8 21. Kh1 Qd8 22. Ra2 Qe7 23. Rc2 Nf6 24. c5 e4 25. fxe4 Nxe4 26. c6 Bf6 27. cxb7 Qxb7 28. Rxc8 Rxc8 29. Qxa6 Qxa6 30. Bxa6 Rc3 31. Rb1 Bg5 32. Bb7 Be3 33. h3 Ng3+ 34. Kh2 Bf4 35. a6 Ne2+ 36. Kh1 Ng3+ 37. Kg1 Rc2 38. Nd4 Be3+ 39. Kh2 Bxd4 40. Kxg3 Ra2 41. b5 g5 42. b6 h5 43. a7 h4+ 44. Kh2 g4 45. hxg4 fxg4 46. a8=Q+ Rxa8 47. Bxa8 Be5+ 48. Kh1 h3 49. gxh3 Bd4 50. hxg4 Bxb6 51. Rxb6 Kf7 52. Rxd6 Ke7 53. Re6+ Kf7 54. g5 Kg7 55. Kg2 Kf7 56. Kf3 1-0


[Site "https://www.chess.com"]